 Dungeon Crawl Stone Soup version 0.19.5 (webtiles) character file.

2052 EvilAshe the Spear-Bearer (level 9, -5/75 HPs)
             Began as a Centaur Gladiator on Apr 19, 2017.
             Was a Follower of Makhleb.
             Slain by a hornet (16 damage)
             ... on level 7 of the Dungeon.
             The game lasted 00:39:25 (8356 turns).

EvilAshe the Spear-Bearer (Centaur Gladiator)       Turns: 8356, Time: 00:39:25

Health: -5/75      AC:  9    Str: 18    XL:     9   Next: 4%
Magic:  9/9        EV: 12    Int:  7    God:    Makhleb [*.....]
Gold:   309        SH:  0    Dex: 13    Spells: 0 memorised, 8 levels left

rFire  . . .     SeeInvis .     a - +0 trident
rCold  . . .     Gourm    .     b - +0 leather armour
rNeg   . . .     Faith    .     (no shield)
rPois  .         Spirit   .     c - +1 helmet
rElec  .         Reflect  .     g - +2 cloak
rCorr  +         Harm     .     (no gloves)
MR     +....                    (no barding)
Stlth  +.........               (no amulet)
                                B - ring of protection from magic
                                x - ring of resist corrosion

@: slowed
A: hooves 3, deformed body, speed 2, tough skin 3
a: Renounce Religion


You were on level 7 of the Dungeon.
You worshipped Makhleb.
Makhleb was aware of your devotion.
You were very hungry.

You visited 1 branch of the dungeon, and saw 7 of its levels.

You collected 309 gold pieces.

Inventory:

Hand Weapons
 a - a +0 trident (weapon)
Armour
 b - a +0 leather armour (worn)
 c - a +1 helmet (worn)
 g - a +2 cloak (worn)
Jewellery
 x - a ring of resist corrosion (left hand)
 B - a ring of protection from magic (right hand)
Wands
 s - a wand of random effects (10/48)
 v - a wand of random effects (22/48)
Scrolls
 d - 2 scrolls of fear {unknown}
 e - 2 scrolls of magic mapping
 h - a scroll of remove curse
 i - 2 scrolls of enchant armour
 k - 5 scrolls of teleportation
 n - a scroll of immolation {unknown}
 o - a scroll of enchant weapon {unknown}
 p - 2 scrolls of recharging
 y - a scroll of amnesia
 G - a scroll of brand weapon {unknown}
Potions
 j - a potion of might
 l - a potion of cure mutation
 m - a potion of curing
 q - a potion of lignification
 r - 2 potions of haste
 D - a potion of invisibility {unknown}
 E - 2 potions of mutation {unknown}
 F - a potion of magic {unknown}
Comestibles
 f - 5 bread rations
 u - 2 slices of pizza
 w - 2 fruits
 z - a beef jerky
 C - 2 meat rations


   Skills:
 + Level 6.0 Fighting
 * Level 8.1 Polearms
 - Level 2.1 Throwing
 + Level 5.1 Dodging


You had 8 spell levels left.
You didn't know any spells.

Dungeon Overview and Level Annotations

Branches:
Dungeon (7/15)             Temple (0/1) D:6

Altars:
Makhleb

Annotations:
D:6 Prince Ribbit
D:7 Menkaure


Innate Abilities, Weirdness & Mutations

You have hooves in place of feet.
Armour fits poorly on your strangely shaped body.
You cover ground very quickly.
You have extremely tough skin. (AC +3)


Message History

The hornet stings you but does no damage. x2
You hit the hornet.
The hornet is almost dead.
You feel less woody.
Your +2 cloak unmelds from your body.
Your +1 helmet unmelds from your body.
Your +0 leather armour unmelds from your body.
The hornet stings you but does no damage.
You barely miss the hornet. Your kick misses the hornet.
The hornet is almost dead.
The hornet stings you but does no damage.
You hit the hornet but do no damage. You kick the hornet, but do no damage.
The hornet is almost dead.
You feel sick.
The hornet stings you but does no damage.
The hornet stings you.
* * * LOW HITPOINT WARNING * * *
You are lethally poisoned!
You feel yourself slow down.
You feel better. The hornet stings you!
You die...

... ##.......## #.
...#(##.........####
S.....+.......^.'<..
...#.##.........####
..##.###.......## #
.###.# ##.....## #.#
##...## #.#.###<#
##'####
#....y@.#####.....##
###$###............#
#............####
#................
#..............####
#.##............# #.
#........##### #
#.......## #########


You could see a hornet.

Vanquished Creatures
  A hungry ghost (D:7)
  Duvessa (D:3)
  A black bear (D:7)
  4 ogres
  An orc warrior (D:6)
  A sky beast (D:6)
  3 centaurs (D:6)
  A bullfrog (D:6)
  Dowan (D:4)
  A howler monkey (D:6)
  A bullfrog zombie (D:6)
  Crazy Yiuf (D:2)
  An orc wizard (D:6)
  A bullfrog skeleton (D:6)
  2 orc priests
  6 hounds
  An iguana (D:5)
  Ijyb (D:4)
  6 worker ants
  A hound skeleton (D:4)
  Robin (D:2)
  14 adders
  A shadow imp (D:6)
  A worm (D:2)
  3 dart slugs
  4 leopard geckos
  16 orcs
  4 ball pythons
  4 bats
  8 giant cockroaches
  16 goblins
  7 hobgoblins
  3 jackals (D:4)
  3 quokkas
  6 frilled lizards
  7 kobolds
  A quokka zombie (D:5)
  6 rats
141 creatures vanquished.

Notes
Turn   | Place    | Note
-------+----------+-------------------------------------------
     0 | D:1      | EvilAshe the Centaur Gladiator began the quest for the Orb.
     0 | D:1      | Reached XP level 1. HP: 17/17 MP: 1/1
   249 | D:1      | Reached skill level 3 in Polearms
   249 | D:1      | Reached XP level 2. HP: 24/24 MP: 2/2
   414 | D:1      | Reached XP level 3. HP: 29/30 MP: 3/3
  1192 | D:2      | Found a runed door.
  1373 | D:2      | Noticed Robin
  1405 | D:2      | Killed Robin
  1405 | D:2      | Reached XP level 4. HP: 35/37 MP: 4/4
  1684 | D:2      | Noticed Crazy Yiuf
  1707 | D:2      | Killed Crazy Yiuf
  1707 | D:2      | Reached skill level 4 in Polearms
  2249 | D:3      | Reached XP level 5. HP: 44/44 MP: 5/5
  3138 | D:4      | Noticed an ogre
  3193 | D:4      | Killed an ogre
  3193 | D:4      | Reached XP level 6. HP: 49/51 MP: 6/6
  3405 | D:4      | Noticed Ijyb
  3688 | D:4      | Killed Ijyb
  3688 | D:4      | Reached skill level 5 in Polearms
  3869 | D:4      | Noticed Dowan
  3914 | D:4      | Killed Dowan
  3916 | D:4      | Noticed Duvessa
  3926 | D:4      | Noticed Blork the orc
  4149 | D:3      | Killed Duvessa
  4149 | D:3      | Reached XP level 7. HP: 43/59 MP: 7/7
  5445 | D:4      | Noticed Blork
  5445 | D:4      | Blork the orc changed into Blork the adder
  5449 | D:4      | Killed Blork the adder
  5614 | D:5      | Entered Level 5 of the Dungeon
  5695 | D:5      | Found a burning altar of Makhleb.
  5713 | D:5      | Became a worshipper of Makhleb the Destroyer
  5813 | D:5      | Reached skill level 6 in Polearms
  6118 | D:6      | Found a staircase to the Ecumenical Temple.
  6158 | D:6      | Reached XP level 8. HP: 67/67 MP: 8/8
  6246 | D:6      | Reached skill level 5 in Fighting
  6496 | D:5      | Reached skill level 7 in Polearms
  6562 | D:6      | Noticed Prince Ribbit
  7317 | D:6      | Reached * piety under Makhleb
  7317 | D:6      | Reached skill level 5 in Dodging
  7632 | D:7      | Reached skill level 8 in Polearms
  7632 | D:7      | Reached XP level 9. HP: 75/75 MP: 9/9
  7916 | D:7      | Noticed Menkaure
  8356 | D:7      | Slain by a hornet

Skill      XL: |  1  2  3  4  5  6  7  8 |
---------------+-------------------------+-----
Polearms       | 3 4 5 6 8 |  8.1
Fighting       | 3 4 6 |  6.0
Dodging        | 3 4 5 |  5.1
Throwing       | |  2.1

Action                   |  1- 3 |  4- 6 |  7- 9 || total
-------------------------+-------+-------+-------++-------
Melee: Trident           |    97 |   226 |   339 ||   662
       Kick              |    11 |    22 |    54 ||    87
Throw: Throwing net      |     6 |     6 |       ||    12
Evoke: Wand              |       |       |     7 ||     7
  Use: Scroll            |       |     7 |     5 ||    12
       Potion            |       |       |     4 ||     4
 Stab: Held in net/web   |     1 |     1 |       ||     2
  Eat: Chunk             |     1 |     6 |    10 ||    17
       Beef jerky        |       |       |     1 ||     1
Armor: Leather armour    |    20 |    64 |    70 ||   154
       Skin              |       |       |    17 ||    17
Dodge: Dodged            |    21 |    74 |    95 ||   190
